 Dungeon Crawl Stone Soup version 0.19-a0-347-g6bb00b2 (webtiles) character file.

62 FrictionlessMuMo the Insei (level 3, -3/29 HPs)
             Began as a Mummy Monk on May 29, 2016.
             Slain by a worm (7 damage)
             ... on level 2 of the Dungeon.
             The game lasted 00:01:24 (1707 turns).

FrictionlessMuMo the Insei (Mummy Monk)             Turns: 1707, Time: 00:01:25

Health: -3/29      AC:  0    Str: 14    XL:     3   Next: 85%
Magic:  3/3        EV: 13    Int:  9    God:
Gold:   122        SH:  0    Dex: 15    Spells: 0 memorised, 2 levels left

rFire  x . .     SeeInvis .       - Unarmed
rCold  + . .     Gourm    +     (no armour)
rNeg   + + +     Faith    .     (no shield)
rPois  ∞         Spirit   .     (no helmet)
rElec  .         Dismiss  .     (no cloak)
rCorr  +         Reflect  .     (no gloves)
SustAt .         Harm     .     (no boots)
MR     .....                    e - amulet of the gourmand
Stlth  ++........               (no ring)
                                a - ring of resist corrosion

@: not resistant to hostile enchantments, unstealthy
A: no food or potions, fire vulnerability, cold resistance 1, negative energy
resistance 3, torment resistance, unbreathing
a: no special abilities


You were on level 2 of the Dungeon.
You were not hungry.

You visited 1 branch of the dungeon, and saw 2 of its levels.

You collected 122 gold pieces.


Innate Abilities, Weirdness & Mutations

You do not eat or drink.
Your flesh is vulnerable to fire.
You are immune to poison.
Your flesh is cold resistant. (rC+)
You are immune to negative energy. (rN+++)
You are immune to unholy pain and torment.
You can survive without breathing.


   Skills:
 - Level 3.0 Fighting
 - Level 2.4 Dodging
 - Level 1.5 Stealth
 + Level 4.5 Unarmed Combat


You had 2 spell levels left.
You didn't know any spells.

Inventory:

Jewellery
 a - a ring of resist corrosion (left hand)
 e - an amulet of the gourmand (around neck)
Scrolls
 b - a scroll of blinking {unknown}
 c - a scroll of identify {unknown}
 d - a scroll of enchant weapon {unknown}
 f - a scroll of fog {unknown}
 g - a scroll of enchant armour {unknown}

Dungeon Overview and Level Annotations

Branches:
Dungeon (2/15)

Altars:

.....▒ ▒▒.▒▒▒
▒.▒▒..▒ .▒▒▒.▒ ▒.▒
▒.....▒▒ .▒▒▒.▒
▒.▒ ▒......▒▒▒
...▒.▒ ▒+▒
▒........▒ ▒▒.▒.▒
... ▒.▒▒.▒.▒†▒
▒▒.▒.▒ ....
▒.▒▒.▒.▒†▒ .....▒
..... ▒.▒▒...▒.▒
...▒▒▒
......▒▒.▒....▒.▒
.....+
......wM......▒.▒
...▒▒▒
......▒▒(▒....▒.▒▒
.▒.▒▒▒ .[...
▒.........▒ .....▒
.... ▒.▒▒▒▒▒▒▒.▒
)▒.▒.▒ ... ▒.▒ ▒.▒
.▒.▒.▒ ▒+ ▒.▒ ▒.▒
.▒.▒.▒ ▒.▒ ▒.▒
.....▒▒ ▒.▒ ▒.▒
......▒ ▒.▒


You could see a worm.


Message History

The adder closely misses you!
You pulverise the adder but do no damage!
The adder is severely wounded!
The adder bites you!
You beat the adder into a bloody pulp!
You annihilate the adder!!!
You closely miss the kobold! The kobold hits you with a short sword!
You squash the kobold like an ant!
The kobold is severely wounded!
The kobold barely misses you!
You pummel the kobold but do no damage!
The kobold is severely wounded!
The kobold hits you with a short sword!
You pummel the kobold like a punching bag!
You annihilate the kobold!!!
You swing at nothing!
You squash the worm but do no damage!
You pummel the worm like a punching bag!!!
The worm is heavily wounded!
The worm barely misses you!
You pulverise the worm!
The worm is heavily wounded!
The worm bites you!!! * * * don't die
* * * You squash the worm like an ant!
The worm is heavily wounded!
You pummel the worm like a punching bag!
The worm is severely wounded!
The worm bites you!!! rip

Action                   || total
-------------------------++-------
Melee: Unarmed           ||   119
       Punch             ||     1
 Stab: Sleeping          ||     6
Dodge: Dodged            ||    78

Vault maps used:
D:1:      tarquinn_simple_flora_water_c, serial_glass, glass_columns_a,
          glass_columns_a, lemuel_another_geyser
D:2:      lemuel_blue_sif_altar, amethyst_killhole

Notes
Turn   | Place    | Note
--------------------------------------------------------------
     0 | D:1      | FrictionlessMuMo the Mummy Monk began the quest for the Orb.
     0 | D:1      | Reached XP level 1. HP: 18/18 MP: 1/1
   366 | D:1      | Reached XP level 2. HP: 17/24 MP: 2/2
   853 | D:2      | Reached skill level 4 in Unarmed Combat
   864 | D:2      | Reached XP level 3. HP: 14/29 MP: 3/3
  1707 | D:2      | Slain by a worm

Vanquished Creatures
  3 adders (D:2)
  A giant cockroach (D:2)
  5 goblins
  6 hobgoblins
  A ball python (D:1)
  7 bats
  3 giant newts (D:1)
  7 kobolds
  5 rats
38 creatures vanquished.
